 Dungeon Crawl Stone Soup version 0.24-a0-373-g39439d866b (webtiles) character file.

Game seed: 3282713618350415944

977 mopl the Magician (level 7, -4/46 HPs)
             Began as a Mummy Fire Elementalist on May 30, 2019.
             Was an Initiate of Vehumet.
             Killed by divine providence
             ... invoked by an orc priest
              (9 damage)
             ... on level 6 of the Dungeon.
             The game lasted 00:14:38 (6113 turns).

mopl the Magician (Mummy Fire Elementalist)         Turns: 6113, Time: 00:14:39

Health: -4/46      AC:  4    Str: 12    XL:     7   Next: 95%
Magic:  0/15       EV: 13    Int: 22    God:    Vehumet [......]
Gold:   107        SH:  0    Dex: 12    Spells: 6/17 levels left

rFire    x . .     SeeInvis .   m - +0 spear
rCold    + . .     Gourm    .   (no shield)
rNeg     + + +     Faith    .   k - +0 robe
rPois    ∞         Spirit   +   c - +0 helmet
rElec    .         Reflect  .   h - +0 cloak
rCorr    .         Harm     .   (no gloves)
MR       .....                  (no boots)
Stlth    ++........             t - amulet "Curph" {Spirit Int+6}
HPRegen  0.15/turn              s - +1 ring of evasion
MPRegen  0.14/turn              (no ring)

@: no status effects
A: no food or potions, fire vulnerability, cold resistance 1, negative energy
resistance 3, torment resistance, unbreathing
a: Renounce Religion


You were on level 6 of the Dungeon.
You worshipped Vehumet.
Vehumet was noncommittal.
You were not hungry.

You visited 2 branches of the dungeon, and saw 8 of its levels.

You collected 257 gold pieces.
You spent 150 gold pieces at shops.

Inventory:

Hand Weapons
 a - a +1 dagger of draining
 i - a +0 trident
 j - a +3 falchion
 l - a +0 short sword of draining
 m - a +0 spear (weapon)
 o - a +0 dagger of speed
Armour
 c - a +0 helmet (worn)
 h - a +0 cloak (worn)
 k - a +0 robe (worn)
 u - a +2 ring mail of fire resistance
Jewellery
 s - a +1 ring of evasion (left hand)
 t - the amulet "Curph" (around neck) {Spirit Int+6}
   (You found it on level 5 of the Dungeon)

   [amulet of guardian spirit]

   It causes incoming damage to be split between your health and magic.
   It affects your intelligence (+6).
Wands
 n - a wand of digging (4)
Scrolls
 b - 2 scrolls of remove curse
 e - 2 scrolls of enchant armour
 f - a scroll of fog
 v - a scroll of identify


   Skills:
 - Level 1.5 Dodging
 - Level 1.5 Stealth
 + Level 5.5 Spellcasting
 * Level 4.7 Conjurations
 * Level 5.4 Fire Magic


You had 6 spell levels left.
You knew the following spells:

 Your Spells              Type           Power        Failure   Level  Hunger
a - Flame Tongue          Conj/Fire      ####.        1%          1    N/A
b - Inner Flame           Hex/Fire       ###.....     10%         3    N/A
c - Conjure Flame         Conj/Fire      ####....     3%          3    N/A
d - Sticky Flame          Conj/Fire      ####....     12%         4    N/A

Your spell library contained the following spells:

 Spells                   Type           Power        Failure   Level  Hunger
 Throw Flame              Conj/Fire      ####..       1%          2    N/A
 Fireball                 Conj/Fire      ####......   32%         5    N/A

Dungeon Overview and Level Annotations

Branches:
Dungeon (7/15)             Temple (1/1) D:5

Altars:
Cheibriados
Dithmenos
Fedhas
Gozag
Kikubaaqudgha
Nemelex Xobeh
Okawaru
Qazlal
Ru
Sif Muna
Trog
Vehumet
Wu Jian
Xom
Yredelemnul
Zin
The Shining One

Shops:
D:4 *

Annotations:
D:4 exclusion: phantom


Innate Abilities, Weirdness & Mutations

You do not eat or drink.
Your flesh is vulnerable to fire.
You are immune to poison.
Your flesh is cold resistant. (rC+)
You are immune to negative energy. (rN+++)
You are immune to unholy pain and torment.
You can survive without breathing.


Message History

The adder is covered in liquid flames!
The adder burns!
The adder bites you.
* * * LOW HITPOINT WARNING * * *
The adder burns!
The adder burns!
You kill the adder!
Vehumet accepts your kill.
An orc comes into view.
The orc shouts!
You hear a shout!
An orc comes into view. It is wielding a +0 trident.
An orc priest comes into view. It is wielding a +2 dagger of venom.
The wight hits you with a +0 hand axe!
* * * LOW HITPOINT WARNING * * *
The orc shouts!
The worker ant twitches its antennae in your direction.
The orc closely misses you.
An orc comes into view.
Found 16 gold pieces.
The orc priest mumbles some strange prayers to Beogh against you.
Beogh smites you!
You die...

#.# ##...## #. ###.#
#.###.###.##### #o
..#.##########.....# #...z.# #.
..............# #(###.###.# #.
..#.####### #.# ##(>.####.#####.
.##.### .#.# ##.###.....z...
..z...# .# #.####.###..?#####.
.zz...####.####.o.zzz.....######z
.a.z........#ao.@o......z...z....
..###l...s.o..#..#.z...##.#######
zzsz..###.....#..##.........#
.###### .###.#.$#..#.....#.# .#
####..##....#.# .# #..#..#....#
.# ####..##...# . #..#..#.# .
####..#..


You could see a scorpion (wandering), a worker ant, 4 wights, an orc priest and
3 orcs.

Vanquished Creatures
  2 ogres (D:5)
  A centaur (D:5)
  A gnoll sergeant (D:5)
  A bullfrog (D:6)
  A big kobold (D:7)
  3 scorpions (D:5)
  A wight (D:7)
  2 hounds
  An orc priest (D:5)
  A bullfrog skeleton (D:5)
  2 hound skeletons
  6 adders
  3 gnolls (D:5)
  2 oozes
  10 worms
  2 dart slugs (D:2)
  2 leopard geckos
  6 orcs
  4 giant cockroaches
  9 goblins
  8 hobgoblins
  8 kobolds
  4 quokkas
  2 ball pythons
  7 bats
  4 frilled lizards
  A leopard gecko zombie (D:5)
  A quokka skeleton (D:6)
  12 rats
107 creatures vanquished.

Notes
Turn   | Place    | Note
-------+----------+-------------------------------------------
     0 | D:1      | mopl the Mummy Fire Elementalist began the quest for the
                  | Orb.
     0 | D:1      | Reached XP level 1. HP: 13/13 MP: 4/4
     3 | D:1      | Noticed an electric eel
     3 | D:1      | Noticed an electric eel
   133 | D:1      | Reached skill level 1 in Conjurations
   358 | D:1      | Reached XP level 2. HP: 19/19 MP: 1/5
   744 | D:1      | Reached skill level 3 in Spellcasting
  1244 | D:1      | Reached XP level 3. HP: 24/24 MP: 2/7
  1296 | D:1      | Learned a level 3 spell: Conjure Flame
  1522 | D:2      | Reached skill level 3 in Fire Magic
  1550 | D:2      | Found a snail-covered altar of Cheibriados.
  1678 | D:2      | Reached skill level 2 in Conjurations
  2014 | D:2      | Reached XP level 4. HP: 19/30 MP: 0/9
  2100 | D:2      | Learned a level 4 spell: Sticky Flame
  3174 | D:3      | Reached XP level 5. HP: 35/35 MP: 10/10
  3486 | D:4      | Found a glowing silver altar of Zin.
  3670 | D:4      | Noticed a phantom
  3785 | D:4      | Found Edghiwyudd's Assorted Antiques.
  3803 | D:4      | Bought a scroll of identify for 60 gold pieces
  3803 | D:4      | Bought a scroll labeled HISISMINLE for 30 gold pieces
  3803 | D:4      | Bought a scroll of identify for 60 gold pieces
  4073 | D:5      | Entered Level 5 of the Dungeon
  4112 | D:5      | Noticed a centaur
  4121 | D:5      | Killed a centaur
  4121 | D:5      | Reached skill level 4 in Spellcasting
  4121 | D:5      | Reached skill level 3 in Conjurations
  4121 | D:5      | Reached skill level 4 in Fire Magic
  4121 | D:5      | Reached XP level 6. HP: 35/41 MP: 4/12
  4167 | D:5      | Learned a level 3 spell: Inner Flame
  4178 | D:5      | Found a shadowy altar of Dithmenos.
  4746 | D:5      | Got a brightly glowing crystal amulet
  4747 | D:5      | Identified the amulet "Curph" {Spirit Int+6} (You found it
                  | on level 5 of the Dungeon)
  4880 | D:5      | Found a sparkling altar of Nemelex Xobeh.
  4954 | D:5      | Reached skill level 4 in Conjurations
  4954 | D:5      | Reached XP level 7. HP: 42/46 MP: 4/14
  5106 | D:5      | Reached skill level 5 in Spellcasting
  5219 | D:5      | Found a staircase to the Ecumenical Temple.
  5224 | Temple   | Entered the Ecumenical Temple
  5280 | Temple   | Became a worshipper of Vehumet
  5391 | D:5      | Reached skill level 5 in Fire Magic
  5717 | D:4      | Found a glowing golden altar of the Shining One.
  5717 | D:4      | Found a deep blue altar of Sif Muna.
  5976 | D:7      | Noticed a hog
  5976 | D:7      | Noticed a hog
  5976 | D:7      | Noticed a human
  6046 | D:6      | HP: 2/46 [kobold (3)]
  6113 | D:6      | Killed from afar by an orc priest

Levels and vault maps discovered:
D:1:      arrival_aquarium_b, layout_loops_ring, chequers_serial_rivers_small_a
D:2:      layout_loops_ring, first_ration, kennysheep_slug_shrine
D:3:      layout_basic, patterned_corridor
D:4:      layout_basic, nicolae_overflow_hidden_temple, serial_shops,
          nicolae_shop_overgrown_old_shop
D:5:      layout_loops_ring, nicolae_overflow_crystal_walls,
          grunt_dithmenos_smoke_and_mirrors, temple_fountains
D:6:      layout_loops_ring, serial_shops, nicolae_shop_behind_doors,
          hangedman_abyss_or_decor_stagger, okawaru_ov_weapons_minmay
D:7:      lemuel_slime, layout_rooms, nrook_campfire, grunt_livestock
Temple:   minmay_crystal_spiral_temple

Skill      XL: |  1  2  3  4  5  6  7 |
---------------+----------------------+-----
Conjurations   | 1 2 3 4 |  4.7
Spellcasting   | 3 4 5 |  5.5
Fire Magic     | 3 4 5 |  5.4
Dodging        | |  1.5
Stealth        | |  1.5

Action                   |  1- 3 |  4- 6 |  7- 9 || total
-------------------------+-------+-------+-------++-------
Melee: Unarmed           |    12 |       |       ||    12
       Dagger            |       |    87 |    23 ||   110
       Falchion          |       |     9 |       ||     9
       Spear             |       |     4 |    15 ||    19
 Cast: Flame Tongue      |    85 |    89 |    17 ||   191
       Conjure Flame     |     1 |     5 |     8 ||    14
       Inner Flame       |       |     1 |     1 ||     2
       Sticky Flame      |       |       |     3 ||     3
  Use: Scroll            |       |     8 |     8 ||    16
 Stab: Sleeping          |       |     3 |       ||     3
Armor: Robe              |    17 |    25 |    11 ||    53
Dodge: Dodged            |    50 |    87 |    46 ||   183
       Rpst.: Falchion   |       |     5 |       ||     5

Table legend:
 A = Non-vault XP
 B = Vault XP
 C = Vault XP percentage of total XP
 D = Non-vault monster count
 E = Vault monster count
 F = Vault count percentage of total count
                 A         B        C        D         E       F
            +---------+---------+-------+---------+---------+-------
      Total |    1393 |       4 |   0.3 |     106 |       1 |   0.9
            +---------+---------+-------+---------+---------+-------
        D:1 |      41 |       0 |   0.0 |      25 |       0 |   0.0
        D:2 |      61 |       4 |   6.2 |      19 |       1 |   5.0
        D:3 |     101 |       0 |   0.0 |      26 |       0 |   0.0
        D:4 |      67 |       0 |   0.0 |       4 |       0 |   0.0
        D:5 |     808 |       0 |   0.0 |      22 |       0 |   0.0
        D:6 |     129 |       0 |   0.0 |       7 |       0 |   0.0
        D:7 |     186 |       0 |   0.0 |       3 |       0 |   0.0
            +---------+---------+-------+---------+---------+-------
